Description

Reformat for build advisor

Replay - 2023-03-30 - (Z)Lambo VS (T)A.I. 1 (Very Easy)

Build Order

Get SALT Encoding   

  12  0:00  Drone  
  13  0:12  Overlord  
  13  0:18  Drone  
  14  0:31  Drone x3  
  17  0:44  Drone, Extractor  
  17  0:48  Spawning Pool  
  16  0:55  Drone  
  17  1:06  Drone  
  18  1:15  Hatchery  
  17  1:19  Drone  
  18  1:35  Zergling x2, Queen  
  21  1:43  Zergling x2  
  22  1:47  Metabolic Boost  
  22  1:52  Overlord  
  22  2:10  Drone  
  22  2:12  Queen  
  26  2:24  Hatchery  
  26  2:28  Zergling x4  
  33  2:53  Overlord  
  34  3:02  Queen  
  39  3:16  Queen  
  44  3:31  Overlord x2  
  44  3:39  Queen x2  
  55  3:57  Queen  
  65  4:22  Queen  
  73  4:33  Lair  
  73  4:45  Extractor  
  80  4:54  Spore Crawler x3  
  83  5:00  Baneling Nest  
  86  5:11  Zergling x2, Extractor x2  
  89  5:23  Hatchery  
  89  5:28  Evolution Chamber x2  
  89  5:29  Zergling x6  
  90  5:41  Queen  
  93  5:42  Zergling x4  
  101  5:51  Centrifugal Hooks  
  101  5:57  Zerg Melee Weapons Level 1, Zerg Ground Armor Level 1  
  115  6:25  Hatchery  
  114  6:32  Hatchery  
  126  6:47  Spore Crawler  
  126  6:49  Overseer  
  126  6:51  Baneling x10  
  145  7:29  Queen  
Spawning Tool Build Advisor. Get it on Overwolf

Go to:

Details

  • Created by: xeekey
  • Published on: May 05, 2024
  • Modified on: May 05, 2024
  • Patch: 5.0.11
  • Difficulty: Hard
Show
View Real Time Build Order
Export as new Build Order

Comments (1)

On May 18, 2024, 1:42 a.m., asdfer4t  said:

replay doesnt work cuz of the patch glitch any other lambo replays?

Create an account to comment!